 Dungeon Crawl Stone Soup version 0.22.1-2-g9c5b331383 (webtiles) character file.

6566 Groucho the Covert (level 10, -8/44 HPs)
             Began as a Spriggan Enchanter on Dec 19, 2018.
             Was a Priest of Dithmenos.
             Mangled by an orc warrior
             ... wielding a +0 glaive
              (18 damage)
             ... on level 9 of the Dungeon.
             The game lasted 00:29:50 (13944 turns).

Groucho the Covert (Spriggan Enchanter)            Turns: 13944, Time: 00:29:51

Health: -8/44      AC:  3    Str:  7    XL:     10   Next: 70%
Magic:  20/25      EV: 22    Int: 17    God:    Dithmenos [***...]
Gold:   546        SH:  0    Dex: 17    Spells: 16/29 levels left

rFire    + . .     SeeInvis +   g - +1 dagger (elec)
rCold    . . .     Gourm    .   (shield restricted)
rNeg     . . .     Faith    .   b - +0 robe
rPois    .         Spirit   .   r - +1 hat
rElec    .         Reflect  .   (no cloak)
rCorr    .         Harm     .   (gloves unavailable)
MR       +....                  (boots unavailable)
Stlth    +++++++...             (no amulet)
HPRegen  0.14/turn              w - ring of protection from fire
MPRegen  0.19/turn              D - ring of wizardry

@: wreathed by umbra, very quick
A: very small, unfitting armour, see invisible, herbivore, speed 3, slow
metabolism 2
a: Shadow Step, Renounce Religion


You were on level 9 of the Dungeon.
You worshipped Dithmenos.
Dithmenos was most pleased with you.
You were not hungry.

You visited 2 branches of the dungeon, and saw 10 of its levels.

You collected 546 gold pieces.

Inventory:

Hand Weapons
 g - a +1 dagger of electrocution (weapon)
 n - a +0 blowgun
Missiles
 f - 215 stones (quivered)
 o - 37 poisoned needles
 q - 11 curare-tipped needles
Armour
 b - a +0 robe (worn)
 r - a +1 hat (worn)
Jewellery
 w - a ring of protection from fire (left hand)
 D - a ring of wizardry (right hand)
Wands
 k - a wand of iceblast (3)
 m - a wand of acid (12)
 C - a wand of flame (15)
Scrolls
 c - a scroll of blinking
 e - 7 scrolls of teleportation
 h - 6 scrolls of identify
 l - 3 scrolls of amnesia {unknown}
 t - 4 scrolls of remove curse {unknown}
 y - a scroll of noise {unknown}
 B - 5 scrolls of enchant armour {unknown}
 E - a scroll of summoning {unknown}
 G - 2 scrolls of fog {unknown}
 H - 3 scrolls of enchant weapon {unknown}
 I - a scroll of fear {unknown}
 K - a scroll of holy word {unknown}
Potions
 a - 3 potions of heal wounds
 i - a potion of flight
 j - a potion of degeneration {unknown}
 p - 4 potions of curing
 s - a potion of mutation {unknown}
 u - a potion of berserk rage {unknown}
 v - a potion of might {unknown}
 x - 2 potions of brilliance {unknown}
 z - a potion of cancellation {unknown}
 A - a potion of invisibility {unknown}
 F - 2 potions of agility {unknown}
 J - 2 potions of haste {unknown}
Comestibles
 d - 9 rations


   Skills:
 + Level 7.9 Short Blades
 - Level 6.2 Dodging
 + Level 13.4 Stealth
 - Level 10.0 Spellcasting
 + Level 10.3 Hexes


You had 16 spell levels left.
You knew the following spells:

 Your Spells              Type           Power        Failure   Level  Hunger
a - Corona                Hex            #####..      1%          1    None
b - Ensorcelled Hibernat  Hex/Ice        ####..       1%          2    None
c - Confuse               Hex            #####...     1%          3    None
d - Dazzling Spray        Conj/Hex       ####..       1%          3    None
e - Tukima's Dance        Hex            #####...     1%          3    None
f - Beastly Appendage     Tmut           #.....       3%          1    None

Your spell library contained the following spells:

 Spells                   Type           Power        Failure   Level  Hunger
 Sticks to Snakes         Tmut           #.......     5%          2    None
 Spider Form              Tmut/Pois      #.........   11%         3    None
 Ice Form                 Ice/Tmut       #.......     32%         4    ###....
 Blade Hands              Tmut           #.........   65%         5    #####..


Dungeon Overview and Level Annotations

Branches:
Dungeon (9/15)             Temple (1/1) D:5             Orc (0/2) D:9
   Lair: D:8-11

Altars:
Ashenzari
Cheibriados
Dithmenos
Elyvilon
Fedhas
Gozag
Hepliaklqana
Kikubaaqudgha
Makhleb
Nemelex Xobeh
Okawaru
Qazlal
Ru
Sif Muna
Trog
Uskayaw
Vehumet
Wu Jian
Xom
Yredelemnul
Zin
The Shining One
Beogh

Annotations:
D:1 1 runed door
D:5 2 transporters, Morrissey's ghost, amateur SpEn
D:6 3 runed doors, Darkins's ghost, novice HuCj


Innate Abilities, Weirdness & Mutations

You are very small and have problems with some larger weapons.
You are too small for most types of armour.
You have supernaturally acute eyesight. (SInv)
You are a herbivore.
You cover ground extremely quickly.
You need to consume almost no food.


Message History

You kill the orc warrior!
Dithmenos accepts your kill.
You sometimes bleed smoke when heavily injured by enemies.
The iceblast engulfs the orc warrior.
The orc warrior is almost dead.
The big kobold throws a stone.
The stone completely misses you.
Unknown command.
Evoke which item? (* to show all) (? for menu, Esc to quit)
Aiming: Corrosive Bolt
Press: ? - help, Shift-Dir - straight line, f - orc warrior
Aim: an orc warrior, wielding a glaive and wearing a chain mail (almost dead, The bolt of acid misses the orc warrior.
Evoke which item? (* to show all) (? for menu, Esc to quit)
Aiming: Corrosive Bolt
Press: ? - help, Shift-Dir - straight line, f - big kobold, p - orc warrior
Aim: a big kobold, wielding a flail The bolt of acid misses the orc warrior.
The bolt of acid misses the big kobold.
The orc warrior hits you from afar with a glaive!!
You die...

...#.#######....'......#.........
######8...8#....########..>......
#.....#....# #.........
#o.>..#....# #.........
#.....###### #######'## #8...8#
###..# ########[###########
#...## ..##..)[.().)......#
###'##### ..##.#######K.o.@(.#
#...p...#
..#..##....).......######.......#
.....##..))........##...'.......#
..##..'............#..###.......#
.######.)..........'.## #.......#
.# #............### #####'### ##
#####'######## .# #.)## .# ##..#


You could see an orc warrior and a big kobold.

Vanquished Creatures
  Erolcha (D:9)
  Pikel (D:9)
  Grinder (D:4)
  4 yaks (D:9)
  Menkaure (D:4)
  6 orc warriors
  6 ice beasts
  2 sky beasts
  3 ogres
  3 phantoms
  3 centaurs
  2 big kobolds (D:9)
  2 bullfrogs
  A gnoll sergeant (D:9)
  4 scorpions
  10 killer bees (D:9)
  3 wights (D:8)
  3 howler monkeys
  5 crimson imps
  2 centaur zombies
  4 orc priests
  A bullfrog zombie (D:8)
  4 jellies
  8 hounds
  An iguana (D:4)
  4 orc wizards
  7 worker ants
  A hound skeleton (D:4)
  9 gnolls
  5 adders
  A shadow imp (D:5)
  An ooze (D:2)
  An adder skeleton (D:6)
  A worm (D:4)
  3 dart slugs
  3 leopard geckos
  28 orcs
  5 giant cockroaches
  6 goblins
  7 hobgoblins
  2 jackals (D:1)
  4 quokkas
  A ball python (D:5)
  10 bats
  A frilled lizard (D:5)
  A giant cockroach zombie (D:6)
  7 kobolds
  A leopard gecko skeleton (D:5)
  A quokka skeleton (D:8)
  10 rats
201 creatures vanquished.

Vanquished Creatures (others)
  4 slaves (D:9)
  A hound (D:9)
  A gnoll (D:9)
  An orc (D:9)
7 creatures vanquished.

Grand Total: 208 creatures vanquished

Notes
Turn   | Place    | Note
-------+----------+-------------------------------------------
     0 | D:1      | Groucho the Spriggan Enchanter began the quest for the Orb.
     0 | D:1      | Reached XP level 1. HP: 9/9 MP: 5/5
     1 | D:1      | Found a runed door.
   126 | D:1      | Reached skill level 5 in Stealth
   597 | D:1      | Reached XP level 2. HP: 13/13 MP: 6/6
   606 | D:1      | Learned a level 2 spell: Ensorcelled Hibernation
  1126 | D:1      | Reached skill level 6 in Stealth
  1610 | D:2      | Reached XP level 3. HP: 16/16 MP: 0/8
  2130 | D:2      | Found a hide-covered altar of Uskayaw.
  3047 | D:3      | Reached skill level 5 in Dodging
  3047 | D:3      | Reached XP level 4. HP: 19/21 MP: 9/9
  4213 | D:3      | Reached XP level 5. HP: 20/24 MP: 2/10
  4933 | D:4      | Noticed Grinder
  4940 | D:4      | Killed Grinder
  4940 | D:4      | Reached skill level 7 in Stealth
  4940 | D:4      | Reached XP level 6. HP: 28/28 MP: 10/13
  4945 | D:4      | Learned a level 3 spell: Confuse
  4949 | D:4      | Learned a level 3 spell: Dazzling Spray
  5091 | D:4      | Learned a level 3 spell: Tukima's Dance
  5223 | D:4      | Reached skill level 5 in Hexes
  5327 | D:4      | Found a roughly hewn altar of Beogh.
  5529 | D:4      | Reached XP level 7. HP: 27/32 MP: 12/15
  5531 | D:4      | Reached skill level 8 in Stealth
  5534 | D:4      | Reached skill level 5 in Spellcasting
  6407 | D:4      | Noticed Menkaure
  6410 | D:4      | Killed Menkaure
  6552 | D:5      | Entered Level 5 of the Dungeon
  6780 | D:5      | Reached skill level 9 in Stealth
  7103 | D:5      | Noticed Morrissey's ghost (amateur SpEn)
  7160 | D:5      | Reached XP level 8. HP: 36/36 MP: 14/17
  7562 | D:5      | Found a transporter.
  7573 | D:5      | Found a transporter.
  7889 | D:5      | Found a staircase to the Ecumenical Temple.
  7912 | Temple   | Entered the Ecumenical Temple
  8291 | Temple   | Became a worshipper of Dithmenos the Shadowed
  8685 | D:6      | Found a bloodstained altar of Trog.
  8777 | D:6      | Learned a level 1 spell: Beastly Appendage
  8846 | D:6      | Reached skill level 10 in Stealth
  9188 | D:6      | Found a runed gate.
  9188 | D:6      | Found a runed gate.
  9192 | D:6      | Noticed Darkins's ghost (novice HuCj)
  9204 | D:6      | Found a runed gate.
  9767 | D:6      | Reached XP level 9. HP: 39/39 MP: 10/21
  9809 | D:6      | Reached * piety under Dithmenos
 10242 | D:7      | Reached skill level 5 in Short Blades
 10373 | D:7      | Reached skill level 11 in Stealth
 11947 | D:8      | Reached ** piety under Dithmenos
 12286 | D:9      | Noticed Pikel
 12291 | D:9      | Killed Pikel
 12291 | D:9      | Reached skill level 12 in Stealth
 12485 | D:9      | Reached XP level 10. HP: 25/44 MP: 14/23
 12927 | D:9      | Noticed Erolcha
 12934 | D:9      | Killed Erolcha
 13113 | D:9      | Reached skill level 13 in Stealth
 13113 | D:9      | Reached skill level 10 in Hexes
 13924 | D:9      | Found a staircase to the Orcish Mines.
 13937 | D:9      | Reached skill level 10 in Spellcasting
 13942 | D:9      | Reached *** piety under Dithmenos
 13944 | D:9      | Mangled by an orc warrior

Skill      XL: |  1  2  3  4  5  6  7  8  9 10 |
---------------+-------------------------------+-----
Stealth        | 5 6 7 9 10 12 13 | 13.4
Dodging        | 5 6 |  6.2
Spellcasting   | 3 4 5 7 8 10 | 10.0
Hexes          | 4 5 6 7 9 10 | 10.3
Short Blades   | 2 4 6 7 |  7.9

Action                   |  1- 3 |  4- 6 |  7- 9 | 10-12 || total
-------------------------+-------+-------+-------+-------++-------
Melee: Dagger            |   127 |    51 |   156 |    59 ||   393
 Fire: Blowgun           |       |     8 |     6 |       ||    14
Throw: Stone             |       |     8 |     3 |       ||    11
 Cast: Ensorcelled Hiber |    16 |    29 |    97 |    45 ||   187
       Confuse           |       |     1 |    28 |     3 ||    32
       Dazzling Spray    |       |     1 |     3 |     3 ||     7
Evoke: Wand              |       |     6 |     2 |     5 ||    13
  Use: Potion            |       |       |     4 |       ||     4
       Scroll            |       |       |     4 |     1 ||     5
 Stab: Sleeping          |    26 |    16 |    65 |    29 ||   136
       Confused          |       |     1 |    14 |       ||    15
       Invisible         |       |       |     2 |       ||     2
       Distracted        |       |       |     1 |       ||     1
  Eat: Ration            |     1 |     2 |     3 |     2 ||     8
Armor: Robe              |     9 |     3 |     5 |     2 ||    19
       Skin              |       |       |     4 |       ||     4
Dodge: Dodged            |    91 |    45 |   131 |    54 ||   321
